 Dungeon Crawl Stone Soup version 0.29-a0-472-ge5599a681e (webtiles) character file.

Game seed: 2593455805314918951

333 Zonian the Chiller (level 6, -2/44 HPs)
             Began as a Gnoll Ice Elementalist on May 22, 2022.
             Was a Follower of Ru.
             Slain by a hound (3 damage)
             ... on level 4 of the Dungeon.
             The game lasted 00:05:32 (4009 turns).

Zonian the Chiller (Gnoll Ice Elementalist)         Turns: 4009, Time: 00:05:33

Health: -2/44      AC:  4    Str:  7    XL:     6   Next: 52%
Magic:  11/14      EV:  8    Int: 17    God:    Ru [*.....]
Gold:   213        SH:  0    Dex: 12    Spells: 14/15 levels left

rFire   . . .      SeeInvis .   s - +2 whip (elec)
rCold   . . .      Faith    .   (no shield)
rNeg    . . .      Spirit   .   a - +0 robe
rPois   +          Reflect  .   o - +0 helmet
rElec   .          Harm     .   (no cloak)
rCorr   .          Rampage  .   (no gloves)
Will    .....                   q - +0 pair of boots
Stlth   +++.......              (no amulet)
HPRegen 0.14/turn               f - ring of poison resistance
MPRegen 0.14/turn               (no ring)

@: no status effects
A: fangs 1, reduced EV 1, strong nose, distributed training
a: Renounce Religion


You were on level 4 of the Dungeon.
You worshipped Ru.
Ru was aware of your devotion.
You visited 1 branch of the dungeon, and saw 4 of its levels.

You collected 213 gold pieces.

Inventory:

Hand Weapons
 d - a +0 short sword
 l - a +0 hand axe
 n - a +0 hunting sling
 s - a +2 whip of electrocution (weapon)
Armour
 a - a +0 robe (worn)
 o - a +0 helmet (worn)
 q - a +0 pair of boots (worn)
Jewellery
 f - a ring of poison resistance (left hand)
Wands
 t - a wand of polymorph (10)
 x - a wand of acid (7)
Scrolls
 e - 7 scrolls of identify {unknown}
 h - a scroll of acquirement {unknown}
 i - a scroll of torment {unknown}
 k - a scroll of teleportation {unknown}
 p - 2 scrolls of vulnerability {unknown}
 u - a scroll of poison {unknown}
 y - a scroll of noise {unknown}
Potions
 b - a potion of magic
 c - 3 potions of heal wounds
 g - a potion of invisibility {unknown}
 j - 3 potions of mutation {unknown}
 m - a potion of flight {unknown}
 r - 2 potions of curing {unknown}
 v - a potion of berserk rage {unknown}
 w - 2 potions of lignification {unknown}
 z - a potion of cancellation {unknown}


   Skills:
 + Level 2.0 Fighting
 + Level 2.0 Short Blades
 + Level 2.0 Long Blades
 + Level 2.0 Axes
 + Level 2.0 Maces & Flails
 + Level 2.0 Polearms
 + Level 2.0 Staves
 + Level 2.0 Slings
 + Level 2.0 Bows
 + Level 2.0 Crossbows
 + Level 2.0 Throwing
 + Level 2.0 Armour
 + Level 5.0 Dodging
 + Level 4.6 Stealth
 + Level 2.0 Shields
 + Level 2.0 Unarmed Combat
 + Level 5.4 Spellcasting
 + Level 1.5 Conjurations
 + Level 1.5 Hexes
 + Level 1.5 Summonings
 + Level 1.5 Necromancy
 + Level 1.5 Translocations
 + Level 1.5 Transmutations
 + Level 1.5 Fire Magic
 + Level 7.3 Ice Magic
 + Level 1.5 Air Magic
 + Level 1.5 Earth Magic
 + Level 1.5 Poison Magic
 + Level 2.2 Invocations
 + Level 2.0 Evocations


You had 14 spell levels left.
You knew the following spells:

 Your Spells              Type           Power      Damage    Failure   Level
a - Freeze                Ice            100%       1d11      1%          1

Your spell library contained the following spells:

 Spells                   Type           Power      Damage    Failure   Level
 Frozen Ramparts          Ice            58%        1d7       1%          3
 Ozocubu's Armour         Ice            29%        N/A       1%          3
 Summon Small Mammal      Summ           36%        N/A       7%          1
 Call Canine Familiar     Summ           9%         N/A       22%         3
 Dazzling Flash           Conj/Hex       18%        N/A       22%         3
 Summon Guardian Golem    Hex/Summ       9%         N/A       22%         3
 Hailstorm                Conj/Ice       19%        3d6       22%         4
 Metabolic Englaciation   Hex/Ice        9%         N/A       52%         5
 Iskenderun's Mystic Bla  Conj/Tloc      9%         2d4       56%         4
 Simulacrum               Ice/Necr       9%         N/A       98%         6
 Starburst                Conj/Fire      4%         6d4       100%        6


Dungeon Overview and Level Annotations

Branches:
Dungeon (4/15)
 Temple: D:4-7

Altars:
Cheibriados
Gozag
Ru


Innate Abilities, Weirdness & Mutations

You have very sharp teeth.
You have somewhat slow reflexes. (EV -5)
Your uncanny sense of smell can sniff out nearby items.
Your experience applies equally to all skills.


Message History

Your Polearms skill increases to level 2!
Your Staves skill increases to level 2!
Your Slings skill increases to level 2!
Your Bows skill increases to level 2!
Your Crossbows skill increases to level 2!
Your Throwing skill increases to level 2!
Your Armour skill increases to level 2!
Your Shields skill increases to level 2!
Your Unarmed Combat skill increases to level 2!
Your Evocations skill increases to level 2!
You start resting.
A hound is nearby!
A hound is nearby!
A hound is nearby!
A hound is nearby!
A hound is nearby!
Unknown command.
The hound barks!
You are too injured to fight recklessly!
You are too injured to fight recklessly!
Casting: Freeze (safe; 1% risk of failure)
Confirm with . or Enter, or press ? or * to list all spells.
Aiming: Freeze (safe; 1% risk of failure)
Press: ? - help, Shift-Dir - straight line, f - hound
Aim: a hound You freeze the hound.
The hound is moderately wounded.
The hound bites you.
* * * LOW HITPOINT WARNING * * *
The hound bites you.
* * * LOW HITPOINT WARNING * * *
Unknown command.
Casting: Freeze (safe; 1% risk of failure)
Confirm with . or Enter, or press ? or * to list all spells.
Aiming: Freeze (safe; 1% risk of failure)
Press: ? - help, Shift-Dir - straight line, f/p - hound
Aim: a hound (moderately wounded)
You freeze the hound.
The hound is severely wounded.
The hound bites you.
You die...

.... ∆ #.##. ##...
#.##. #.... #.##.
#.... #.##.
###.... #.##.
.......## #.#..
######...#####.###
#.h..#..).........
#@##.###)#####.###
#.##...)†.†.!#.#
..######..#.##.#
...# ##.# ##.#
..... .... #.#
.....# ##.###.#
......# .# #.#
......## .. #.#
#!. ∆


You could see a hound.

Vanquished Creatures
  A jelly (D:4)
  An orc priest (D:4)
  2 hounds (D:4)
  An orc wizard (D:4)
  Natasha (thrice) (D:2)
  5 adders
  A worm (D:2)
  3 dart slugs
  3 orcs
  A ball python (D:4)
  2 bats
  9 endoplasms
  5 giant cockroaches
  5 hobgoblins
  3 jackals (D:1)
  7 quokkas
  2 frilled lizards
  5 goblins
  5 kobolds
  2 rats (D:1)
66 creatures vanquished.

Notes
Turn   | Place    | Note
-------+----------+-------------------------------------------
     0 | D:1      | Zonian the Gnoll Ice Elementalist began the quest for the
                  | Orb.
     0 | D:1      | Reached XP level 1. HP: 13/13 MP: 6/6
    91 | D:1      | Reached XP level 2. HP: 9/19 MP: 2/7
   934 | D:1      | Reached XP level 3. HP: 9/25 MP: 5/9
   935 | D:1      | Reached skill level 5 in Spellcasting
  1424 | D:2      | Reached skill level 1 in Invocations
  1524 | D:2      | Reached skill level 1 in Fighting
  1524 | D:2      | Reached skill level 1 in Short Blades
  1524 | D:2      | Reached skill level 1 in Long Blades
  1524 | D:2      | Reached skill level 1 in Axes
  1524 | D:2      | Reached skill level 1 in Maces & Flails
  1524 | D:2      | Reached skill level 1 in Polearms
  1524 | D:2      | Reached skill level 1 in Staves
  1524 | D:2      | Reached skill level 1 in Slings
  1524 | D:2      | Reached skill level 1 in Bows
  1524 | D:2      | Reached skill level 1 in Crossbows
  1524 | D:2      | Reached skill level 1 in Throwing
  1524 | D:2      | Reached skill level 1 in Armour
  1524 | D:2      | Reached skill level 1 in Shields
  1524 | D:2      | Reached skill level 1 in Unarmed Combat
  1524 | D:2      | Reached skill level 1 in Evocations
  1526 | D:2      | Reached XP level 4. HP: 27/32 MP: 6/11
  1758 | D:2      | Noticed Natasha
  1767 | D:2      | Killed Natasha
  1768 | D:2      | Reached skill level 1 in Conjurations
  1768 | D:2      | Reached skill level 1 in Hexes
  1768 | D:2      | Reached skill level 1 in Summonings
  1768 | D:2      | Reached skill level 1 in Necromancy
  1768 | D:2      | Reached skill level 1 in Translocations
  1768 | D:2      | Reached skill level 1 in Transmutations
  1768 | D:2      | Reached skill level 1 in Fire Magic
  1768 | D:2      | Reached skill level 1 in Air Magic
  1768 | D:2      | Reached skill level 1 in Earth Magic
  1768 | D:2      | Reached skill level 1 in Poison Magic
  1986 | D:2      | Noticed Natasha
  1993 | D:2      | Killed Natasha
  1994 | D:2      | Reached XP level 5. HP: 32/37 MP: 9/12
  2162 | D:2      | Noticed Natasha
  2169 | D:2      | Killed Natasha
  2527 | D:3      | Found a snail-covered altar of Cheibriados.
  2844 | D:3      | Found an opulent altar of Gozag.
  2942 | D:3      | Found a faded altar of an unknown god.
  2953 | D:3      | Prayed at the altar of an unknown god.
  2953 | D:3      | Became a worshipper of Ru the Awakened
  2954 | D:3      | Gained mutation: You have somewhat slow reflexes. (EV -5)
                  | [Ru sacrifice]
  2954 | D:3      | Reached * piety under Ru
  3860 | D:4      | Reached XP level 6. HP: 42/44 MP: 10/13
  3964 | D:4      | Reached skill level 5 in Dodging
  4008 | D:4      | HP: 1/44 [hound (4)]
  4009 | D:4      | Slain by a hound

Illustrated notes

Levels and vault maps discovered:
D:1:      sevenhm_arrival_forest_fort_small_3, layout_rooms,
          nicolae_concentric_dashed_squares_mild
D:2:      layout_loops_ring, uniq_natasha
D:3:      layout_loops_ring, lemuel_tele_altar, lemuel_round_altar,
          shapermc_ecumenical_altar_totnotflames
D:4:      layout_basic, chequers_temple_overflow_statue_of_worship

Skill      XL: |  1  2  3  4  5  6 |
---------------+-------------------+-----
Spellcasting   | 5 |  5.4
Invocations    | 1 2 |  2.2
Fighting       | 1 2 |  2.0
Short Blades   | 1 2 |  2.0
Long Blades    | 1 2 |  2.0
Axes           | 1 2 |  2.0
Maces & Flails | 1 2 |  2.0
Polearms       | 1 2 |  2.0
Staves         | 1 2 |  2.0
Slings         | 1 2 |  2.0
Bows           | 1 2 |  2.0
Crossbows      | 1 2 |  2.0
Throwing       | 1 2 |  2.0
Armour         | 1 2 |  2.0
Shields        | 1 2 |  2.0
Unarmed Combat | 1 2 |  2.0
Evocations     | 1 2 |  2.0
Conjurations   | 1 |  1.5
Hexes          | 1 |  1.5
Summonings     | 1 |  1.5
Necromancy     | 1 |  1.5
Translocations | 1 |  1.5
Transmutations | 1 |  1.5
Fire Magic     | 1 |  1.5
Air Magic      | 1 |  1.5
Earth Magic    | 1 |  1.5
Poison Magic   | 1 |  1.5
Dodging        | 5 |  5.0
Stealth        | |  4.6
Ice Magic      | |  7.3

Action                   |  1- 3 |  4- 6 || total
-------------------------+-------+-------++-------
Melee: Short sword       |    22 |    10 ||    32
       Bite              |     1 |    10 ||    11
       Whip              |       |    50 ||    50
       Punch             |       |     1 ||     1
 Cast: Freeze            |    36 |    52 ||    88
Invok: Sacrifice Health  |       |     1 ||     1
  Use: Potion            |       |     1 ||     1
 Stab: Sleeping          |       |     4 ||     4
Armor: Robe              |     6 |    18 ||    24
Dodge: Dodged            |    30 |    64 ||    94

Table legend: (Time is in decaauts)
 A = Elapsed time spent in this place.
 B = Non-inter-level travel time spent in this place.
 C = Inter-level travel time spent in this place.
 D = Time resting spent in this place.
 E = Time spent auto-exploring this place.
 F = Levels seen in this place.
 G = Mean time per level.
                   A        B        C        D        E       F      G
               +--------+--------+--------+--------+--------+-----+--------+
         Total |   4010 |   3911 |     99 |    999 |   2314 |   4 | 1002.5 |
       Dungeon |   4010 |   3911 |     99 |    999 |   2314 |   4 | 1002.5 |
               +--------+--------+--------+--------+--------+-----+--------+

Top non-repeatable levels by time:
     D:1: 1417 daAuts
     D:2: 1084 daAuts
     D:3: 925 daAuts
     D:4: 583 daAuts
